cohdb
Replays
Latest Replays
All Replays
Popular Replays
Top Player Replays
Match Explorer
How It Works
Community
CoH3 Stats
Reddit
Sign in to upload your games and track your stats! →
Sign in with Steam
Match 27799388
Unlisted
Match 27799388
Overview
Messages
Build Orders
End
Kradschützen Motorcycle Team
Panzergrenadier Squad
Selects Battlefield Espionage Battlegroup
Panzergrenadier Squad
250 Light Carrier
Construct Light Support Kompanie
Construct Light Support Kompanie
Panzergrenadier Squad
Fire Support Elements
MG34 Team
Combat Half-tracks
2.5-tonne Medical Truck
Construct Panzerarmee Kommand
Selects 250/3 Funkpanzerwagen
Selects Intel Disruption Beacon
250/3 Funkpanzerwagen
le.IG 18 Mechanized Group
purpluni🦄
Sexy
1551919600
FlyingBUG
Damlon
iAinEng
谨防队友大残骗局
Ricky Mah
0
0
Comments
sign in to comment!
No comments posted yet!